AoeStats
← sDKK´

Arabia

510467922Analyzed
1v1 RM · 19h ago on Oct 1, 2026· 38m 14s· 2 players
Game mode
Random Map
Map size
Tiny (2 player)
Population
200
Speed
Normal
Resources
Standard
Victory
Conquest
Starting age
Dark Age
Ending age
Imperial Age
RankedLock teamsTeams togetherTeam positionsShared explorationLock speedFull tech treeHidden civsTurbo modeCheats
Victory
Defeat
🇨🇱 Byzantines · Chile
1368
+17
🇨🇳 Mongols · China
1388
-17
sDKK´
8:01 Loom
10:50 Feudal Age
11:42 Horse Collar
11:48 Double-Bit Axe
20:28 Fletching
20:38 Padded Archer Armor
23:39 Castle Age
23:45 Crossbowman
24:22 Bodkin Arrow
24:54 Thumb Ring
25:27 Elite Skirmisher
29:31 Wheelbarrow
30:23 Ballistics
34:44 Forging
34:39 Scale Barding Armor
34:50 Leather Archer Armor
34:45 Husbandry
37:59 Chain Barding Armor
38:24 Iron Casting
ROCK
5:32 Loom
10:05 Feudal Age
10:37 Double-Bit Axe
14:37 Fletching
22:41 Castle Age
21:21 Gold Mining
22:15 Forging
22:45 Light Cavalry
23:28 Bodkin Arrow
24:00 Crossbowman
25:21 Bloodlines
26:15 Horse Collar
26:59 Ballistics
26:52 Padded Archer Armor
31:51 Wheelbarrow
31:30 Bow Saw
31:22 Heavy Plow
37:41 Hand Cart
Connection lost

Rejoining the realm…

Still unreachable

The connection could not be restored.

Session expired

The server has moved on; the page needs a fresh start.